 Dungeon Crawl Stone Soup version 0.24-a0-57-gac335f2 (webtiles) character file.

Game seed: 3511074813301204047

7794 Amnesiac the Basher (level 11, -15/99 (100) HPs)
             Began as a Troll Monk on Feb 4, 2019.
             Was a High Priest of Okawaru.
             Demolished by a two-headed ogre
             ... wielding a +0 giant spiked club
              (24 damage)
             ... on level 10 of the Dungeon.
             The game lasted 00:19:43 (9315 turns).

Amnesiac the Basher (Troll Monk)                    Turns: 9315, Time: 00:19:43

HP:   -15/99 (100)  AC:  7    Str: 21    XL:     11   Next: 1%
MP:   16/16         EV: 11    Int:  6    God:    Okawaru [*****.]
Gold: 372           SH:  0    Dex: 15    Spells: 10/10 levels left

rFire    . . .     SeeInvis .   a - +0 giant spiked club
rCold    . . .     Gourm    +   (shield currently unavailable)
rNeg     . . .     Faith    .   e - +1 robe
rPois    .         Spirit   .   (helmet restricted)
rElec    .         Reflect  .   (no cloak)
rCorr    .         Harm     .   (gloves unavailable)
MR       .....                  (boots unavailable)
Stlth    ++........             (no amulet)
HPRegen  0.66/turn              (no ring)
MPRegen  0.15/turn              (no ring)

@: drained
A: large, unfitting armour, claws 3, fast metabolism 3, gourmand, regeneration
1, shaggy fur 1, tough skin 3
a: Heroism, Finesse, Renounce Religion


You were on level 10 of the Dungeon.
You worshipped Okawaru.
Okawaru was extremely pleased with you.
You were not hungry.

You visited 2 branches of the dungeon, and saw 11 of its levels.

You collected 705 gold pieces.
You spent 333 gold pieces at shops.

Inventory:

Hand Weapons
 a - a +0 giant spiked club (weapon)
 b - the +9 shortbow "Icvaoc" {velocity, Dex+2}
   (Okawaru gifted it to you on level 8 of the Dungeon)

   Any arrow fired from it inflicts extra damage.
   It affects your dexterity (+2).
Missiles
 E - 198 arrows
Armour
 e - a +1 robe (worn)
Wands
 f - a wand of scattershot (6)
 o - a wand of enslavement (5)
 w - a wand of paralysis (4)
 z - a wand of acid (4)
 A - a wand of iceblast (8)
 D - a wand of disintegration (19)
Scrolls
 h - 2 scrolls of remove curse {!r}
 k - 3 scrolls of acquirement {!r, unknown}
 l - a scroll of enchant weapon {!r}
 m - 2 scrolls of fear {!r}
 n - 4 scrolls of teleportation {!r}
 p - 4 scrolls of amnesia {!r}
 q - a scroll of fog {!r}
 t - 2 scrolls of magic mapping {!r}
 v - 2 scrolls of enchant armour {!r}
 y - 2 scrolls of blinking {!r}
 B - 3 scrolls of identify {!r}
Potions
 d - 2 potions of degeneration {!q}
 g - 2 potions of curing {!q}
 i - 2 potions of magic {!q}
 j - a potion of might {!q}
 r - a potion of agility {!q}
 s - a potion of haste {!q}
 u - a potion of lignification {!q, unknown}
 x - 4 potions of flight {!q}
 C - a potion of heal wounds {!q}
 F - a potion of berserk rage {!q}
Comestibles
 c - 16 rations
 G - a chunk of flesh


   Skills:
 - Level 4.1(3.4) Fighting
 * Level 12.3(11.5) Maces & Flails
 - Level 4.1(3.4) Dodging
 - Level 1.0(0.4) Stealth
 - Level 8.0(7.2) Invocations


You had 10 spell levels left.
You didn't know any spells.
Your spell library contained the following spells:

 Spells                   Type           Power        Failure   Level  Hunger
 Animate Skeleton         Necr           N/A          45%         1    ##.....
 Apportation              Tloc           #.....       45%         1    ##.....
 Confusing Touch          Hex            #.....       45%         1    ##.....
 Corona                   Hex            #......      45%         1    ##.....
 Infusion                 Chrm           #...         45%         1    ##.....
 Summon Small Mammal      Summ           #...         45%         1    ##.....
 Shroud of Golubria       Chrm/Tloc      #.........   58%         2    ###....
 Slow                     Hex            #.......     58%         2    ###....
 Song of Slaying          Chrm           #.......     58%         2    ###....
 Inner Flame              Hex/Fire       #.......     83%         3    ####...
 Portal Projectile        Hex/Tloc       #.....       83%         3    ####...
 Regeneration             Chrm/Necr      #.........   83%         3    ####...
 Spectral Weapon          Hex/Chrm       #.......     83%         3    ####...
 Cause Fear               Hex            #.........   99%         4    #####..
 Leda's Liquefaction      Hex/Erth       #.........   99%         4    #####..


Dungeon Overview and Level Annotations

Branches:
Dungeon (10/15)            Temple (1/1) D:4            Lair (0/6) D:9
    Orc: D:9-12

Altars:
Ashenzari
Cheibriados
Dithmenos
Elyvilon
Fedhas
Gozag
Hepliaklqana
Kikubaaqudgha
Makhleb
Nemelex Xobeh
Okawaru
Qazlal
Ru
Sif Muna
Trog
Uskayaw
Vehumet
Wu Jian
Xom
Yredelemnul
Zin
The Shining One

Shops:
D:4 !   D:6 ?   D:7 ?::


Innate Abilities, Weirdness & Mutations

You are too large for most types of armour.
You have claws for hands.
Your metabolism is lightning-fast.
You like to eat raw meat.
Your natural rate of healing is unusually fast.
You are covered in fur. (AC +1)
You have extremely tough skin. (AC +3)


Message History

The hungry ghost is lightly damaged.
The hungry ghost hits you.
You are fainting from starvation!
You see here a tomahawk.
You see here a tomahawk.
You lose consciousness!
The hungry ghost hits you.
You feel slightly more hungry. The hungry ghost hits you.
You feel slightly more hungry. The orc hits you with a +0 mace.
The hungry ghost hits you.
You feel slightly more hungry. The hungry ghost hits you.
You feel slightly more hungry. The orc hits you but does no damage.
The hungry ghost hits you.
You feel slightly more hungry. The orc hits you but does no damage.
The hungry ghost hits you.
You feel slightly more hungry.
The two-headed ogre hits you with a cursed -1 giant club!
The two-headed ogre hits you with a +0 giant club!
The orc hits you but does no damage. The hungry ghost hits you.
You feel slightly more hungry. The orc hits you but does no damage.
The two-headed ogre hits you with a cursed -1 giant club!!
* * * LOW HITPOINT WARNING * * *
The two-headed ogre hits you with a +0 giant club.
* * * LOW HITPOINT WARNING * * *
You can move again.
Things that are here:
a +0 glaive; a +0 chain mail Unknown command.
Unknown command.
Unknown command.
Unknown command.
There isn't anything to butcher here.
You eat one of the 17 rations.
That ration really hit the spot!
The hungry ghost closely misses you.
The orc throws a tomahawk.
The tomahawk hits you but does no damage.
The two-headed ogre closely misses you. The two-headed ogre barely misses you.
You see here a tomahawk.
The orc closely misses you.
You see here a bullfrog corpse.
You butcher the bullfrog corpse.
The hungry ghost barely misses you. The orc hits you but does no damage.
Things that are here:
2 chunks of flesh; a bullfrog skeleton
G - 2 chunks of flesh The hungry ghost barely misses you.
The orc closely misses you. The ice beast hits you.
* * * LOW HITPOINT WARNING * * *
The ice beast freezes you!
* * * LOW HITPOINT WARNING * * *
You see here a jackal skeleton.
Eat one of 2 chunks of flesh? (ye/n/q)
You eat one of the 2 chunks of flesh.
This raw flesh tastes great.
The ice beast hits you.
* * * LOW HITPOINT WARNING * * *
The ice beast freezes you!
* * * LOW HITPOINT WARNING * * *
Eat a chunk of flesh? (ye/n/q)
Okay, then.
A two-headed ogre comes into view.
It is wielding two +0 giant spiked clubs.
An orc wizard comes into view. It is wielding a +0 quarterstaff.
The two-headed ogre barely misses you.
The two-headed ogre hits you with a +0 giant spiked club!!
You die...

.##........#
.......o..#
#.#......$#
..........
#........#
........#
#O.[....#
#@#### #.Y..#
####.# #o#
##W## #.Oo#
#...# #...#
#####)รท[#####


You could see a two-headed ogre, an ice beast and an orc wizard (wandering).

Vanquished Creatures
  2 trolls (D:9)
  A queen bee (D:8)
  Grinder (D:4)
  Sigmund (D:5)
  8 yaks (D:9)
  2 basilisks (D:9)
  A hungry ghost (D:9)
  Menkaure (D:4)
  3 porcupines (D:9)
  An ice beast (D:6)
  Duvessa (D:5)
  3 phantoms
  2 black bears
  3 orc warriors
  2 centaurs (D:9)
  An eye of draining (D:9)
  A necrophage (D:9)
  3 ogres
  2 crocodiles (D:9)
  Blork the orc (D:4)
  3 bullfrogs
  A big kobold (D:8)
  Dowan (D:5)
  4 hounds
  3 scorpions
  18 killer bees
  8 wights
  2 howler monkeys (D:10)
  4 crimson imps
  2 bullfrog zombies
  3 centaur zombies (D:4)
  5 orc priests
  A centaur skeleton (D:6)
  2 jellies
  4 orc wizards
  A bullfrog skeleton (D:4)
  Ijyb (D:4)
  3 iguanas
  9 worker ants
  3 hound skeletons
  A hound zombie (D:4)
  A worker ant zombie (D:4)
  6 adders
  4 shadow imps
  2 oozes
  An adder zombie (D:4)
  3 adder skeletons
  2 worms
  A dart slug (D:1)
  3 leopard geckos
  31 orcs
  6 bats
  6 giant cockroaches
  5 hobgoblins
  15 jackals
  6 quokkas
  A frilled lizard (D:3)
  A giant cockroach zombie (D:4)
  4 goblins
  A jackal skeleton (D:4)
  12 kobolds
  A quokka zombie (D:4)
  4 rats
235 creatures vanquished.

Vanquished Creatures (collateral kills)
  A killer bee (D:8)
  An orc priest (D:7)
  A leopard gecko (D:9)
  An orc (D:9)
4 creatures vanquished.

Vanquished Creatures (others)
  A killer bee (D:8)
  3 fungi (D:9)
  10 plants (D:9)
14 creatures vanquished.

Grand Total: 253 creatures vanquished

Notes
Turn   | Place    | Note
-------+----------+-------------------------------------------
     0 | D:1      | Amnesiac the Troll Monk began the quest for the Orb.
     0 | D:1      | Reached XP level 1. HP: 22/22 MP: 0/0
    53 | D:1      | Reached skill level 3 in Maces & Flails
   106 | D:1      | Reached XP level 2. HP: 29/29 MP: 1/1
   226 | D:4      | Noticed Ijyb
   226 | D:4      | Noticed Grinder
   226 | D:4      | Noticed Menkaure
   341 | D:3      | Noticed a scorpion
   380 | D:3      | Killed a scorpion
   380 | D:3      | Reached XP level 3. HP: 22/36 MP: 2/2
   479 | D:4      | Paralysed by Grinder for 5 turns
   531 | D:3      | Reached XP level 4. HP: 30/44 MP: 3/3
   665 | D:4      | Reached skill level 4 in Maces & Flails
   676 | D:3      | Reached XP level 5. HP: 10/53 MP: 4/4
   973 | D:4      | Killed Ijyb
  1008 | D:4      | Reached XP level 6. HP: 36/61 MP: 5/5
  1030 | D:4      | Reached skill level 5 in Maces & Flails
  1266 | D:4      | Found a staircase to the Ecumenical Temple.
  1273 | Temple   | Entered the Ecumenical Temple
  1349 | Temple   | Became a worshipper of Warmaster Okawaru
  1349 | Temple   | Reached * piety under Okawaru
  1349 | Temple   | Reached ** piety under Okawaru
  2446 | D:2      | Found a deep blue altar of Sif Muna.
  2719 | D:3      | Reached XP level 7. HP: 25/68 MP: 6/6
  2915 | D:4      | Paralysed by Grinder for 5 turns
  2932 | D:4      | Killed Grinder
  2932 | D:4      | Reached skill level 1 in Invocations
  3049 | D:4      | Noticed Blork the orc
  3061 | D:4      | Killed Blork the orc
  3061 | D:4      | Reached skill level 6 in Maces & Flails
  3159 | D:4      | Found Pucuag's Distillery.
  3165 | D:4      | Bought a potion of heal wounds for 65 gold pieces
  3165 | D:4      | Bought a potion of heal wounds for 65 gold pieces
  3165 | D:4      | Bought a potion of curing for 39 gold pieces
  3273 | D:4      | Killed Menkaure
  3294 | D:5      | Entered Level 5 of the Dungeon
  3311 | D:5      | Reached XP level 8. HP: 67/78 MP: 8/8
  3322 | D:5      | Noticed Sigmund
  3362 | D:5      | Killed Sigmund
  3362 | D:5      | Reached *** piety under Okawaru
  3362 | D:5      | Reached skill level 7 in Maces & Flails
  3499 | D:5      | Noticed Duvessa
  3499 | D:5      | Noticed Dowan
  3512 | D:5      | Killed Duvessa
  3518 | D:5      | Killed Dowan
  3576 | D:5      | Found a sparkling altar of Nemelex Xobeh.
  3923 | D:5      | Found a blossoming altar of Fedhas.
  4172 | D:6      | Reached skill level 8 in Maces & Flails
  4348 | D:6      | Found a glowing silver altar of Zin.
  4542 | D:5      | Found a burning altar of Makhleb.
  4712 | D:6      | Found Vaiggado's Magic Scroll Shoppe.
  4720 | D:6      | Bought a scroll of blinking for 82 gold pieces
  4720 | D:6      | Bought a scroll of blinking for 82 gold pieces
  4750 | D:6      | Reached XP level 9. HP: 78/84 MP: 11/11
  4860 | D:7      | Found Koathea's Magic Scroll Shoppe.
  4871 | D:7      | Found Omack's Book Emporium.
  4977 | D:7      | Reached **** piety under Okawaru
  5096 | D:7      | Reached skill level 9 in Maces & Flails
  5167 | D:7      | Found Cedy's Book Boutique.
  5659 | D:8      | Reached skill level 5 in Invocations
  5837 | D:8      | HP: 4/84 [poisoned by a killer bee]
  5842 | D:8      | HP: 3/84 [poisoned by a killer bee]
  5847 | D:8      | HP: 4/84 [poisoned by a killer bee]
  6202 | D:8      | Found a basalt altar of Yredelemnul.
  6370 | D:9      | Reached skill level 10 in Maces & Flails
  6600 | D:9      | Reached ***** piety under Okawaru
  6602 | D:9      | Reached XP level 10. HP: 39/92 MP: 0/13
  6877 | D:8      | Reached skill level 11 in Maces & Flails
  7035 | D:8      | Received a gift from Okawaru
  7038 | D:8      | Got a twisted shortbow {god gift}
  7042 | D:8      | Identified the +9 shortbow "Icvaoc" {velocity, Dex+2}
                  | (Okawaru gifted it to you on level 8 of the Dungeon)
  7871 | D:8      | Found a glowing golden altar of the Shining One.
  8147 | D:9      | Found a staircase to the Lair.
  8152 | D:9      | Got a fine long sword
  8381 | D:9      | Reached skill level 12 in Maces & Flails
  9178 | D:10     | Entered Level 10 of the Dungeon
  9266 | D:10     | Reached XP level 11. HP: 73/99 MP: 16/16
  9273 | D:10     | Noticed a two-headed ogre
  9290 | D:10     | Paralysed by fainting for 8 turns
  9314 | D:10     | Noticed a two-headed ogre
  9315 | D:10     | Demolished by a two-headed ogre

Vault maps used:
D:1:      psy_arrival_whirlpool
D:2:      serial_forest, infiniplex_forest_corner_1, infiniplex_forest_3_way,
          infiniplex_forest_clump_large, infiniplex_forest_join,
          infiniplex_forest_straight_5, infiniplex_forest_corner_1,
          lemuel_blue_sif_altar
D:3:      serial_rivers, chequers_serial_rivers_micro_c,
          chequers_serial_rivers_micro_e, chequers_serial_rivers_micro_d,
          chequers_serial_rivers_room_b, chequers_serial_rivers_room_b
D:4:      minmay_temple_entry_arrows, first_ration, serial_shops,
          shop_fountains, serial_undead, serial_undead_a, serial_undead_a,
          serial_undead_f, serial_undead_b, kennysheep_nondescript,
          chequers_serial_rivers_micro_b, uniq_ijyb, uniq_grinder,
          uniq_menkaure, uniq_blork_the_orc
D:5:      nicolae_overflow_crystal_walls, nicolae_overflow_hidden_temple,
          uniq_sigmund, uniq_duvessa
D:6:      zin_academy, serial_shops, shop
D:7:      serial_shops, shop, shop, shop
D:8:      kennysheep_mini_moat, marbit_many_paths, david_nohive_1
D:9:      minmay_lair_entry_grove
D:10:     gammafunk_ghost_grave
Temple:   compressed_dpeg_circular_temple

Skill      XL: |  1  2  3  4  5  6  7  8  9 10 |
---------------+-------------------------------+-----
Maces & Flails | 3 4 5 6 8 10 12 | 12.3
Fighting       | 3 4 |  4.1
Dodging        | 3 4 |  4.1
Invocations    | 2 4 6 8 |  8.0
Stealth        | |  1.0

Action                   |  1- 3 |  4- 6 |  7- 9 | 10-12 || total
-------------------------+-------+-------+-------+-------++-------
Melee: Mace              |    64 |   118 |       |       ||   182
       Club              |       |   111 |     4 |       ||   115
       Whip              |       |       |    58 |       ||    58
       Morningstar       |       |       |   135 |       ||   135
       Giant spiked club |       |       |   237 |   183 ||   420
 Fire: Shortbow          |       |       |       |    69 ||    69
Invok: Heroism           |       |       |     7 |       ||     7
Evoke: Wand              |       |       |     3 |       ||     3
  Use: Scroll            |       |     9 |     7 |       ||    16
       Potion            |       |       |    11 |       ||    11
 Stab: Sleeping          |       |     2 |     1 |     2 ||     5
       Distracted        |       |       |       |     1 ||     1
  Eat: Chunk             |    11 |    18 |    32 |    25 ||    86
       Ration            |       |       |     2 |     1 ||     3
Armor: Robe              |    40 |   154 |   170 |    83 ||   447
Dodge: Dodged            |    50 |   236 |   369 |   190 ||   845

Table legend:
 A = Non-vault XP
 B = Vault XP
 C = Vault XP percentage of total XP
 D = Non-vault monster count
 E = Vault monster count
 F = Vault count percentage of total count
                 A         B        C        D         E       F
            +---------+---------+-------+---------+---------+-------
      Total |    6751 |    4384 |  39.4 |     192 |      47 |  19.7
            +---------+---------+-------+---------+---------+-------
        D:1 |      27 |       0 |   0.0 |      14 |       0 |   0.0
        D:2 |      46 |       0 |   0.0 |      15 |       0 |   0.0
        D:3 |     248 |       0 |   0.0 |      25 |       0 |   0.0
        D:4 |     145 |     892 |  86.0 |      19 |      16 |  45.7
        D:5 |     258 |     442 |  63.1 |      12 |       3 |  20.0
        D:6 |     856 |       0 |   0.0 |      14 |       0 |   0.0
        D:7 |     456 |       0 |   0.0 |      13 |       0 |   0.0
        D:8 |     974 |    1053 |  51.9 |      28 |      14 |  33.3
        D:9 |    3174 |    1997 |  38.6 |      40 |      14 |  25.9
       D:10 |     567 |       0 |   0.0 |      12 |       0 |   0.0
            +---------+---------+-------+---------+---------+-------
